[Event "Stadtmeisterschaft Ulm/Neu-Ulm 2009"]
[Site "Ulm"]
[Date "2009.09.25"]
[Round "2"]
[White "Krauß, Rainer"]
[Black "Hengstberger, Ulli"]
[Result "1/2-1/2"]
[ECO "C50"]
[WhiteElo "1726"]
[BlackElo "1471"]
[Annotator ",Fred"]
[PlyCount "56"]
[EventDate "2009.??.??"]
[TimeControl "40/5400+30:0"]

1. e4 Nc6 2. Nf3 e5 3. Bc4 Be7 4. d4 exd4 5. Nxd4 d6 6. O-O Nf6 7. Nc3 O-O 8.
Nxc6 bxc6 9. Re1 Be6 10. Bxe6 fxe6 11. e5 dxe5 12. Rxe5 Qxd1+ 13. Nxd1 Kf7 14.
Be3 Bd6 15. Ra5 Ng4 16. h3 Nxe3 17. Nxe3 Rfb8 18. Nc4 Rb5 19. Ra6 Rc5 20. b3 g5
21. Rd1 Ke7 22. g3 h5 23. Rd4 Rd5 24. Re4 c5 25. h4 g4 26. Kf1 Rd4 27. Re1 Rd5
28. Re4 Rd4 1/2-1/2

[Event "Stadtmeisterschaft Ulm/Neu-Ulm 2009"]
[Site "Ulm"]
[Date "2009.10.02"]
[Round "2"]
[White "Hoffart, Alexander"]
[Black "Anistratov, Dimitrij"]
[Result "0-1"]
[ECO "B07"]
[WhiteElo "1828"]
[BlackElo "2274"]
[Annotator ",Fred"]
[PlyCount "58"]
[EventDate "2009.??.??"]
[TimeControl "40/5400+30:0"]

1. d4 d6 2. e4 Nf6 3. Nc3 e5 4. dxe5 dxe5 5. Qxd8+ Kxd8 6. Bg5 Be6 7. Nf3 Nbd7
8. O-O-O Bd6 9. Nd5 Bxd5 10. exd5 h6 11. Be3 Ng4 12. c4 e4 13. Nd4 g6 14. Be2
Nxe3 15. fxe3 h5 16. a3 a5 17. Rdf1 Ke7 18. Nb5 Ne5 19. Nxd6 cxd6 20. Kd2 a4
21. Rc1 Nd7 22. Kc3 Nc5 23. Kb4 f5 24. h3 Kf6 25. g4 fxg4 26. hxg4 h4 27. Rcf1+
Kg5 28. Rf7 Raf8 29. Rc7 Na6+ 0-1

[Event "Stadtmeisterschaft Ulm/Neu-Ulm 2009"]
[Site "Ulm"]
[Date "2009.10.02"]
[Round "2"]
[White "Deißler, Helmut"]
[Black "Krassowizkij, Jaroslaw"]
[Result "1/2-1/2"]
[ECO "A42"]
[WhiteElo "1799"]
[BlackElo "2110"]
[Annotator ",Fred"]
[PlyCount "23"]
[EventDate "2009.??.??"]
[TimeControl "40/5400+30:0"]

1. d4 g6 2. c4 Bg7 3. e4 d6 4. Nc3 Nc6 5. d5 Nd4 6. Nge2 c5 7. Be3 Qb6 8. Nxd4
cxd4 9. Na4 Qa5+ 10. b4 Qxb4+ 11. Bd2 Qa3 12. Bc1 1/2-1/2

[Event "Stadtmeisterschaft Ulm/Neu-Ulm 2009"]
[Site "Ulm"]
[Date "2009.10.02"]
[Round "2"]
[White "Schwab, Matthias"]
[Black "Zierke, Markus"]
[Result "1/2-1/2"]
[ECO "C10"]
[WhiteElo "2047"]
[BlackElo "1725"]
[Annotator ",Fred"]
[PlyCount "76"]
[EventDate "2009.??.??"]
[TimeControl "40/5400+30:0"]

1. e4 e6 2. d4 d5 3. Nc3 dxe4 4. Nxe4 Bd7 5. Nf3 Bc6 6. Bd3 Bxe4 7. Bxe4 c6 8.
O-O Nf6 9. Bd3 Qc7 10. Qe2 Nbd7 11. Ne5 Bd6 12. Re1 O-O 13. c4 c5 14. Nxd7 Nxd7
15. g3 cxd4 16. Qe4 Nf6 17. Qxd4 Bc5 18. Qh4 Rfd8 19. Bf1 Qb6 20. Qf4 Rd4 21.
Qf3 Ng4 22. Re2 Rxc4 23. Bf4 Nxf2 24. Rxf2 Rc2 25. Be2 Bxf2+ 26. Qxf2 Qxb2 27.
Re1 Qxa2 28. Qe3 Rac8 29. Be5 f6 30. Bd4 a5 31. Bg4 f5 32. Qe5 R2c7 33. Bf3 Rd7
34. Ra1 Qc4 35. Be3 Re8 36. Rxa5 Qb4 37. Rb5 Qd6 38. Qb2 Qd3 1/2-1/2

[Event "Stadtmeisterschaft Ulm/Neu-Ulm 2009"]
[Site "Ulm"]
[Date "2009.10.02"]
[Round "2"]
[White "Schäufele, Jörg"]
[Black "Smolny, Frieder"]
[Result "0-1"]
[ECO "C29"]
[WhiteElo "1705"]
[BlackElo "1970"]
[Annotator ",Fred"]
[PlyCount "44"]
[EventDate "2009.??.??"]
[TimeControl "40/5400+30:0"]

1. e4 e5 2. Nc3 Nf6 3. f4 d5 4. exd5 Nxd5 5. Nxd5 Qxd5 6. fxe5 Nc6 7. Nf3 Bg4
8. Be2 Nxe5 9. O-O Nxf3+ 10. Bxf3 Bxf3 11. Qxf3 Bc5+ 12. Kh1 Qxf3 13. Re1+ Kd7
14. gxf3 Rae8 15. Re4 f5 16. Rc4 Re1+ 17. Kg2 Re2+ 18. Kh3 Bd6 19. f4 g5 20. d3
h5 21. b3 g4+ 22. Kh4 Be7+ 0-1

[Event "Stadtmeisterschaft Ulm/Neu-Ulm 2009"]
[Site "Ulm"]
[Date "2009.10.02"]
[Round "2"]
[White "Lepschi, Albert"]
[Black "Mayer, Arnd"]
[Result "0-1"]
[ECO "A88"]
[WhiteElo "1716"]
[BlackElo "1948"]
[Annotator ",Fred"]
[PlyCount "82"]
[EventDate "2009.??.??"]
[TimeControl "40/5400+30:0"]

1. d4 f5 2. Nf3 Nf6 3. g3 g6 4. Bg2 Bg7 5. O-O O-O 6. c4 d6 7. Nc3 c6 8. Qc2
Nbd7 9. b3 Re8 10. Bb2 e5 11. dxe5 dxe5 12. Rad1 Qa5 13. a3 Qc7 14. Na4 e4 15.
Ng5 h6 16. Nh3 Ne5 17. Bd4 b6 18. f3 c5 19. Be3 Bb7 20. Bc1 Rad8 21. Nc3 Rxd1
22. Nxd1 Nc6 23. e3 exf3 24. Bxf3 Ne4 25. Nf4 Ne5 26. Bg2 Qf7 27. Nf2 Nxf2 28.
Rxf2 Ng4 29. Re2 Bxg2 30. Kxg2 Nf6 31. Qd3 Re7 32. Bb2 Rd7 33. Qc2 Ne4 34. Nd5
Bxb2 35. Qxb2 Qg7 36. b4 b5 37. Nf4 Qxb2 38. Rxb2 bxc4 39. Ne2 c3 40. Nxc3 Nxc3
41. bxc5 Rc7 0-1

[Event "Stadtmeisterschaft Ulm/Neu-Ulm 2009"]
[Site "Ulm"]
[Date "2009.10.02"]
[Round "2"]
[White "Grosse, Manfred"]
[Black "Andritzke, Karl-Heinz"]
[Result "1-0"]
[ECO "B12"]
[WhiteElo "1853"]
[BlackElo "1414"]
[Annotator ",Fred"]
[PlyCount "59"]
[EventDate "2009.??.??"]
[TimeControl "40/5400+30:0"]

1. e4 c6 2. d4 d5 3. e5 e6 4. Bd3 Nd7 5. Ne2 c5 6. c3 cxd4 7. cxd4 Bb4+ 8. Nbc3
a6 9. O-O Ne7 10. Ng3 Nc6 11. Nce2 h5 12. a3 Be7 13. f4 h4 14. Nh1 Qb6 15. Bb1
g6 16. Nf2 Na5 17. b4 Nc4 18. Bd3 Qc7 19. Ra2 b5 20. Qc2 Ndb6 21. Bxg6 fxg6 22.
Qxg6+ Kd7 23. Nd3 Qd8 24. f5 Kc7 25. f6 Bf8 26. Nef4 Ra7 27. Qg4 Qe8 28. Ng6
Rh6 29. f7 Qd8 30. Bg5 1-0

[Event "Stadtmeisterschaft Ulm/Neu-Ulm 2009"]
[Site "Ulm"]
[Date "2009.10.02"]
[Round "2"]
[White "Frühsorger, Dieter"]
[Black "Heinrich, Klaus"]
[Result "0-1"]
[ECO "B01"]
[WhiteElo "1659"]
[BlackElo "1829"]
[Annotator ",Fred"]
[PlyCount "122"]
[EventDate "2009.??.??"]
[TimeControl "40/5400+30:0"]

1. e4 d5 2. exd5 Nf6 3. Bb5+ Nbd7 4. Nc3 a6 5. Ba4 b5 6. Bb3 Nc5 7. Qe2 b4 8.
Na4 Nxb3 9. axb3 Qxd5 10. f3 e6 11. Qc4 Qd6 12. Ne2 Be7 13. d4 Nd5 14. O-O O-O
15. Bd2 a5 16. Nc5 Qc6 17. Nf4 Nb6 18. Qe2 Bxc5 19. dxc5 Qxc5+ 20. Be3 Qf5 21.
Rfd1 Ba6 22. Qf2 Bb5 23. Bxb6 cxb6 24. Qxb6 Rab8 25. Qe3 Qxc2 26. Rd2 Qc7 27.
Ne2 Bxe2 28. Qxe2 Qc5+ 29. Qf2 Rb5 30. Qxc5 Rxc5 31. Rd7 Ra8 32. Rb7 Rac8 33.
Kf2 g6 34. Ra2 Rd8 35. Kg3 Rd3 36. Kh3 Rxb3 37. Ra7 Kg7 38. Ra6 h5 39. Kg3 Kf6
40. h4 Rc2 41. R6xa5 Rbxb2 42. Rxb2 Rxb2 43. Rb5 e5 44. Rb6+ Kf5 45. Kh3 Rb3
46. Kg3 e4 47. Rb5+ Kf6 48. Kf2 exf3 49. gxf3 Rb1 50. Ke3 b3 51. Kf4 b2 52.
Rb6+ Kg7 53. Rb7 Kh6 54. Rb6 Kg7 55. Rb7 Kh6 56. Rb8 f6 57. Rb6 Rh1 58. Rxb2
Rxh4+ 59. Kg3 Ra4 60. Rb6 h4+ 61. Kg2 f5 0-1

[Event "Stadtmeisterschaft Ulm/Neu-Ulm 2009"]
[Site "Ulm"]
[Date "2009.10.02"]
[Round "2"]
[White "Meier, Dennis"]
[Black "Fuchs, Martin"]
[Result "0-1"]
[ECO "D13"]
[WhiteElo "1378"]
[BlackElo "1753"]
[Annotator ",Fred"]
[PlyCount "100"]
[EventDate "2009.??.??"]
[TimeControl "40/5400+30:0"]

1. d4 Nf6 2. Nf3 d5 3. c4 c6 4. cxd5 cxd5 5. Nc3 e6 6. Bg5 Be7 7. e3 O-O 8. Bd3
Nc6 9. O-O h6 10. Bh4 Bd7 11. Qb3 Na5 12. Qc2 Rc8 13. Qe2 a6 14. Ne5 b5 15.
Nxd7 Qxd7 16. Bxf6 Bxf6 17. b4 Nc4 18. Rfc1 Be7 19. a3 Rc6 20. Bxc4 bxc4 21.
Rcb1 Rb6 22. Qc2 Rfb8 23. Na4 Rb5 24. Nc5 Qc6 25. h3 a5 26. bxa5 Rxb1+ 27. Rxb1
Rxb1+ 28. Qxb1 Bxc5 29. dxc5 Qxc5 30. a6 c3 31. Qb8+ Kh7 32. a7 c2 33. a8=Q
c1=Q+ 34. Kh2 Q5xa3 35. Qxa3 Qxa3 36. Qf4 f6 37. Qg4 Qd6+ 38. Qg3 Qxg3+ 39.
Kxg3 Kg6 40. Kg4 e5 41. Kf3 Kg5 42. Ke2 f5 43. g3 f4 44. gxf4+ exf4 45. Kf3
fxe3 46. fxe3 Kh4 47. Kg2 g5 48. Kh2 g4 49. hxg4 Kxg4 50. Kg2 h5 0-1

[Event "Stadtmeisterschaft Ulm/Neu-Ulm 2009"]
[Site "Ulm"]
[Date "2009.10.02"]
[Round "2"]
[White "Ignatio Simo, von Koschitzky"]
[Black "Unseld, Rolf"]
[Result "0-1"]
[ECO "D04"]
[WhiteElo "1305"]
[BlackElo "1740"]
[Annotator ",Fred"]
[PlyCount "118"]
[EventDate "2009.??.??"]
[TimeControl "40/5400+30:0"]

1. d4 Nf6 2. Nf3 d5 3. e3 Bg4 4. Nbd2 e6 5. Bd3 c5 6. c3 c4 7. Bc2 Bd6 8. e4
Be7 9. e5 Nfd7 10. O-O O-O 11. Qe1 Na6 12. Qe3 Nc7 13. h3 Bh5 14. Qf4 f6 15.
Qh4 Qe8 16. Qg3 fxe5 17. Nxe5 Bd6 18. f4 Nxe5 19. fxe5 Rxf1+ 20. Nxf1 Be7 21.
Ne3 Qf7 22. Bd2 Rf8 23. Rf1 Qe8 24. Ng4 Rxf1+ 25. Kxf1 Bg6 26. Bxg6 Qxg6 27.
Nf6+ gxf6 28. Qxg6+ hxg6 29. exf6 Bxf6 30. Kf2 Kf7 31. Kf3 Ne8 32. Kf4 g5+ 33.
Kg4 Kg6 34. g3 Nd6 35. h4 gxh4 36. gxh4 Ne4 37. h5+ Kh7 38. Be3 Bg7 39. Bf4 Bh6
40. Bxh6 Kxh6 41. Kf4 Kxh5 42. Ke5 Ng5 43. Kd6 Kg4 44. Kc7 Kf4 45. Kxb7 Nf3 46.
Kxa7 Nxd4 47. cxd4 e5 48. dxe5 Kxe5 49. a4 d4 50. a5 d3 51. a6 d2 52. Kb7 d1=Q
53. a7 Qb3+ 54. Kc6 Qa4+ 55. Kb7 Qb5+ 56. Kc7 Qa6 57. Kb8 Qb6+ 58. Ka8 Kd6 59.
b4 Kc7 0-1

[Event "Stadtmeisterschaft Ulm/Neu-Ulm 2009"]
[Site "Ulm"]
[Date "2009.10.02"]
[Round "2"]
[White "Schulze, Andreas"]
[Black "Schmid, Franz"]
[Result "0-1"]
[ECO "B06"]
[WhiteElo "2181"]
[BlackElo "1920"]
[Annotator ",Fred"]
[PlyCount "63"]
[EventDate "2009.??.??"]
[TimeControl "40/5400+30:0"]

1. e4 d6 2. d4 g6 3. Nc3 Bg7 4. f4 e6 5. Nf3 Ne7 6. Bd3 Nd7 7. O-O O-O 8. f5
exf5 9. exf5 Nf6 10. fxg6 fxg6 11. Bg5 Bf5 12. Nh4 Qd7 13. Nxf5 Nxf5 14. Bxf5
gxf5 15. Qd3 h6 16. Bh4 Nh7 17. Rae1 Ng5 18. Nd5 Rf7 19. Bxg5 hxg5 20. c3 c6
21. Ne3 f4 22. Nc4 b5 23. Nd2 Rd8 24. d5 Be5 25. Nf3 Qf5 26. Qxf5 Rxf5 27. dxc6
Rc8 28. Nxe5 Rxe5 29. Rxe5 dxe5 30. Re1 Re8 31. c7 Kf7 32. Rxe5 0-1

[Event "Stadtmeisterschaft Ulm/Neu-Ulm 2009"]
[Site "Ulm"]
[Date "2009.10.02"]
[Round "2"]
[White "Gebhardt, Uwe"]
[Black "Goda, Robert-René"]
[Result "1-0"]
[ECO "A15"]
[WhiteElo "1941"]
[BlackElo "1544"]
[Annotator ",Fred"]
[PlyCount "91"]
[EventDate "2009.??.??"]
[TimeControl "40/5400+30:0"]

1. Nf3 Nf6 2. c4 d6 3. b4 Nbd7 4. Bb2 e5 5. e3 Be7 6. Be2 O-O 7. Qc2 c6 8. d4
e4 9. Nfd2 d5 10. c5 b5 11. a4 Ba6 12. Nc3 Qb8 13. O-O Rc8 14. Ra2 Qb7 15. Rfa1
bxa4 16. Bxa6 Qxa6 17. Rxa4 Qb7 18. Nb3 Bd8 19. R1a2 a6 20. Bc1 Ra7 21. Qe2
Rca8 22. h3 g6 23. Nd2 Ne8 24. f3 f5 25. fxe4 fxe4 26. Qg4 Ndf6 27. Qe6+ Kg7
28. Ne2 Qd7 29. Nf4 Nc7 30. Qe5 Kf7 31. Nf1 Ne6 32. Nxe6 Qxe6 33. Rf2 Bc7 34.
Qg5 Kg7 35. Ng3 Bxg3 36. Qxg3 Nh5 37. Qh2 Rf7 38. Raa2 Raa7 39. Qb8 Rab7 40.
Rxf7+ Qxf7 41. Qe5+ Kg8 42. Rxa6 Qf8 43. Qe6+ Kg7 44. Qe5+ Kg8 45. Bd2 Rf7 46.
Rb6 1-0

[Event "Stadtmeisterschaft Ulm/Neu-Ulm 2009"]
[Site "Ulm"]
[Date "2009.10.02"]
[Round "2"]
[White "Geutebrück, Sebastian"]
[Black "Förderreuther, Jonas"]
[Result "1/2-1/2"]
[ECO "A48"]
[WhiteElo "1910"]
[BlackElo "1623"]
[Annotator ",Fred"]
[PlyCount "99"]
[EventDate "2009.??.??"]
[TimeControl "40/5400+30:0"]

1. d4 Nf6 2. Nf3 g6 3. Bg5 Bg7 4. Nbd2 O-O 5. c3 d6 6. e4 h6 7. Bxf6 Bxf6 8.
Bc4 Nc6 9. O-O e5 10. dxe5 Nxe5 11. Nxe5 dxe5 12. Qe2 Qe7 13. Rfd1 Rd8 14. Nf1
Be6 15. Bxe6 Qxe6 16. Ne3 c6 17. h3 Bg5 18. Nc4 Rxd1+ 19. Rxd1 Rd8 20. Rxd8+
Bxd8 21. Qd3 Bc7 22. b3 b5 23. Ne3 Qd6 24. Qxd6 Bxd6 25. c4 b4 26. Kf1 Kf8 27.
Ke2 Ke7 28. Nd1 Bc5 29. Nb2 Bd4 30. Nd3 a5 31. Ne1 Kd6 32. f3 Bc3 33. Nc2 Kc5
34. Kd3 Kd6 35. a3 Kc5 36. axb4+ axb4 37. Ne3 Kd6 38. Ng4 h5 39. Nh6 Ke6 40. g4
hxg4 41. Nxg4 f5 42. Ne3 f4 43. Ng4 c5 44. Ke2 Bd4 45. Kf1 g5 46. Kg2 Kf7 47.
h4 Kg6 48. Kh3 Kh5 49. Nf6+ Kg6 50. Nd7 1/2-1/2

[Event "Stadtmeisterschaft Ulm/Neu-Ulm 2009"]
[Site "Ulm"]
[Date "2009.10.02"]
[Round "2"]
[White "Sander, Luzia"]
[Black "Radovic, Miodrag"]
[Result "1-0"]
[ECO "D02"]
[WhiteElo "1786"]
[BlackElo "1506"]
[Annotator ",Fred"]
[PlyCount "65"]
[EventDate "2009.??.??"]
[TimeControl "40/5400+30:0"]

1. d4 d5 2. Nf3 Nf6 3. c4 a6 4. cxd5 Nxd5 5. e4 Nf6 6. Nc3 e6 7. Bg5 Be7 8. Qc2
c6 9. Bd3 b5 10. O-O Bb7 11. Rad1 Qc7 12. Rfe1 Nbd7 13. e5 Nd5 14. Nxd5 exd5
15. Bxe7 Kxe7 16. Qd2 h6 17. Bf5 Nf8 18. Qb4+ Kd8 19. Re2 Bc8 20. Bc2 Be6 21.
Qd2 Nd7 22. Nh4 Nb6 23. b3 a5 24. Rc1 Rc8 25. Bd3 Qa7 26. f4 Re8 27. f5 Bd7 28.
Qf4 a4 29. Rce1 Rc7 30. e6 fxe6 31. fxe6 Bc8 32. Qd6+ Nd7 33. e7+ 1-0

[Event "Stadtmeisterschaft Ulm/Neu-Ulm 2009"]
[Site "Ulm"]
[Date "2009.10.02"]
[Round "2"]
[White "Hackstein, Urs"]
[Black "Ziad, Amar"]
[Result "1-0"]
[ECO "D10"]
[WhiteElo "1747"]
[BlackElo "1488"]
[Annotator ",Fred"]
[PlyCount "149"]
[EventDate "2009.??.??"]
[TimeControl "40/5400+30:0"]

1. d4 d5 2. c4 c6 3. cxd5 cxd5 4. Nc3 Nf6 5. Bf4 Bf5 6. e3 e6 7. Bd3 Bxd3 8.
Qxd3 a6 9. Nf3 Nc6 10. O-O Bd6 11. Bxd6 Qxd6 12. Rab1 O-O 13. Rfc1 Rac8 14. b3
Nb4 15. Qe2 Ne4 16. Nxe4 dxe4 17. Ne1 Rc6 18. Rxc6 Qxc6 19. a3 Nd5 20. Qc4 Rc8
21. Rc1 Qxc4 22. bxc4 b6 23. Kf1 Kf8 24. Ke2 Ke7 25. Kd2 Nf6 26. h3 Nd7 27. Kc3
Kd6 28. Nc2 a5 29. Na1 f6 30. Nb3 Kc6 31. Nd2 f5 32. Nf1 Kd6 33. Ng3 g6 34. Ne2
Nf6 35. Rb1 Rc6 36. Nf4 Nd5+ 37. Kb3 a4+ 38. Ka2 Nc3+ 39. Kb2 Nxb1 40. Kxb1
Rxc4 41. Kb2 b5 42. Ne2 g5 43. Nc3 Kc6 44. g3 h5 45. Na2 Kb6 46. Nc3 Rc8 47.
Ne2 Rd8 48. Kc3 Rc8+ 49. Kb2 Ka5 50. Nc3 b4 51. axb4+ Kxb4 52. Na2+ Ka5 53. Nc3
a3+ 54. Kb3 Rc6 55. Na2 Kb6 56. Nb4 Rc8 57. Na2 Rb8 58. Kxa3 Kc6 59. Nb4+ Kb5
60. d5 exd5 61. Nxd5 Ra8+ 62. Kb3 Kc5 63. Ne7 Ra1 64. Nxf5 Rf1 65. Ng7 Rxf2 66.
Ne6+ Kd5 67. Nxg5 Rf3 68. g4 Rxe3+ 69. Kb4 hxg4 70. hxg4 Rg3 71. Nh7 e3 72.
Nf6+ Ke5 73. Nd7+ Kd4 74. Nb8 Rxg4 75. Nc6+ 1-0

[Event "Stadtmeisterschaft Ulm/Neu-Ulm 2009"]
[Site "Ulm"]
[Date "2009.10.02"]
[Round "2"]
[White "Jahn, Manfred"]
[Black "Haitov, Haim"]
[Result "1-0"]
[ECO "E61"]
[WhiteElo "1689"]
[BlackElo "1386"]
[Annotator ",Fred"]
[PlyCount "81"]
[EventDate "2009.??.??"]
[TimeControl "40/5400+30:0"]

1. d4 d6 2. c4 g6 3. Nc3 Bg7 4. Nf3 Nf6 5. Bg5 Nbd7 6. e3 c5 7. Bd3 cxd4 8.
Nxd4 Nc5 9. Be2 e5 10. Ndb5 O-O 11. Nxd6 Qb6 12. Nxc8 Raxc8 13. Qc2 Rfe8 14.
O-O Qe6 15. Rad1 e4 16. Nb5 Nd3 17. b3 a6 18. Nd4 Qe5 19. Bxf6 Bxf6 20. Bxd3
exd3 21. Rxd3 b5 22. Nf3 Qc7 23. Rc1 Re6 24. Nd4 Re5 25. cxb5 Rc5 26. Qxc5 Qxc5
27. Rxc5 Rxc5 28. Kf1 axb5 29. Ke2 b4 30. Rd2 Rh5 31. h3 Rg5 32. g3 h5 33. Nc6
Bc3 34. Rd8+ Kg7 35. Rb8 Rd5 36. Nxb4 Rd2+ 37. Kf3 Rb2 38. Rb7 Be1 39. Nd3 Rb1
40. Nxe1 Rxe1 41. a4 1-0

[Event "Stadtmeisterschaft Ulm/Neu-Ulm 2009"]
[Site "Ulm"]
[Date "2009.10.02"]
[Round "2"]
[White "Späth, Gerhard"]
[Black "Huppertz, Anton"]
[Result "1-0"]
[ECO "B32"]
[WhiteElo "1683"]
[BlackElo "1349"]
[Annotator ",Fred"]
[PlyCount "61"]
[EventDate "2009.??.??"]
[TimeControl "40/5400+30:0"]

1. e4 c5 2. Nf3 Nc6 3. d4 cxd4 4. Nxd4 e5 5. Nb5 d6 6. N1c3 a6 7. Na3 Nf6 8.
Bg5 Be7 9. Bxf6 Bxf6 10. Nd5 b5 11. c3 O-O 12. Nc2 Bg5 13. Bd3 Be6 14. Nce3
Bxe3 15. Nxe3 Ne7 16. O-O Rc8 17. a4 Bc4 18. Qe2 Bxd3 19. Qxd3 Qb6 20. axb5
axb5 21. Rfd1 Rfd8 22. Nc2 d5 23. exd5 Rxd5 24. Qe4 f5 25. Qb4 Rxd1+ 26. Rxd1
Rd8 27. Re1 Rd2 28. Ne3 Nd5 29. Qb3 Qd8 30. Rd1 Rxd1+ 31. Qxd1 1-0

[Event "Stadtmeisterschaft Ulm/Neu-Ulm 2009"]
[Site "Ulm"]
[Date "2009.10.02"]
[Round "2"]
[White "Rix, Michael"]
[Black "Kirn, Philipp"]
[Result "1-0"]
[ECO "D04"]
[WhiteElo "1645"]
[BlackElo "1130"]
[Annotator ",Fred"]
[PlyCount "85"]
[EventDate "2009.??.??"]
[TimeControl "40/5400+30:0"]

1. d4 Nf6 2. Nf3 d5 3. e3 Bf5 4. c4 e6 5. cxd5 exd5 6. Nc3 c5 7. Bb5+ Nc6 8.
Ne5 Bd7 9. Nxd7 Qxd7 10. dxc5 Bxc5 11. O-O a6 12. Qa4 O-O 13. Bxc6 bxc6 14. Bd2
Rfb8 15. Qc2 d4 16. exd4 Bxd4 17. Rad1 Nd5 18. b3 Nb4 19. Qb1 Re8 20. a3 Nd5
21. Qc2 Qa7 22. Nxd5 cxd5 23. Bc3 Bxc3 24. Qxc3 Rad8 25. Rfe1 Re6 26. Rxd5 Qa8
27. Rxd8+ Qxd8 28. Rxe6 fxe6 29. Qe1 Qd5 30. b4 Kf7 31. h3 e5 32. Qe2 Qd6 33.
Qh5+ Kf6 34. Qxh7 Qd1+ 35. Kh2 Qb3 36. Qh4+ g5 37. Qh6+ Kf5 38. Qxa6 Qf7 39.
Qc8+ Kg6 40. Qc6+ Kg7 41. Qf3 Qc7 42. b5 e4+ 43. Qg3 1-0

[Event "Stadtmeisterschaft Ulm/Neu-Ulm 2009"]
[Site "Ulm"]
[Date "2009.10.09"]
[Round "2"]
[White "Kühn, Bernd"]
[Black "Hartmann, Thomas"]
[Result "1/2-1/2"]
[ECO "A07"]
[WhiteElo "1702"]
[BlackElo "1871"]
[Annotator ",Fred"]
[PlyCount "81"]
[EventDate "2009.??.??"]
[TimeControl "40/5400+30:0"]

1. Nf3 Nf6 2. g3 d5 3. Bg2 c6 4. O-O Bf5 5. d3 e6 6. Nbd2 h6 7. b3 Be7 8. Bb2
O-O 9. Re1 a5 10. a4 Na6 11. e4 Bh7 12. e5 Nd7 13. Nd4 Nc7 14. Qe2 Rb8 15. f4
c5 16. N4f3 Na6 17. Kh1 Nb4 18. Rec1 Rc8 19. Ne1 Nb8 20. c3 N4c6 21. Ba3 Na6
22. Qf3 Qd7 23. Bh3 f6 24. exf6 Bxf6 25. Qe2 Rce8 26. Ndf3 Qd6 27. d4 Be4 28.
Nd3 b6 29. Nde5 Bxe5 30. dxe5 Qc7 31. Bg2 Nab8 32. b4 Ne7 33. b5 Nd7 34. c4 Nf5
35. cxd5 Bxd5 36. Bb2 Qb7 37. Ne1 Ne7 38. Rd1 Rf5 39. Kg1 Bxg2 40. Nxg2 Nd5 41.
Ne3 1/2-1/2

[Event "Stadtmeisterschaft Ulm/Neu-Ulm 2009"]
[Site "Ulm"]
[Date "2009.10.16"]
[Round "3"]
[White "Anistratov, Dimitrij"]
[Black "Grosse, Manfred"]
[Result "1-0"]
[ECO "A09"]
[WhiteElo "2274"]
[BlackElo "1853"]
[Annotator ",Fred"]
[PlyCount "57"]
[EventDate "2009.??.??"]
[TimeControl "40/5400+30:0"]

1. Nf3 d5 2. c4 d4 3. b4 c5 4. bxc5 Nc6 5. d3 e5 6. g3 Bxc5 7. Bg2 Nge7 8. O-O
O-O 9. Nbd2 f5 10. Nb3 Bd6 11. Qc2 h6 12. e3 dxe3 13. Bxe3 a5 14. a4 Ng6 15.
Bd2 Qe7 16. Bc3 Bb4 17. Bb2 h5 18. h4 f4 19. Ng5 f3 20. Nxf3 Rxf3 21. Bxf3 Nxh4
22. Bd5+ Kh8 23. gxh4 Qxh4 24. f3 Bh3 25. Rf2 Rf8 26. Rh2 Qg3+ 27. Kh1 Rxf3 28.
Qe2 Rf5 29. Rg1 1-0

[Event "Stadtmeisterschaft Ulm/Neu-Ulm 2009"]
[Site "Ulm"]
[Date "2009.10.16"]
[Round "3"]
[White "Smolny, Frieder"]
[Black "Heinrich, Klaus"]
[Result "1-0"]
[ECO "B01"]
[WhiteElo "1970"]
[BlackElo "1829"]
[Annotator ",Fred"]
[PlyCount "63"]
[EventDate "2009.??.??"]
[TimeControl "40/5400+30:0"]

1. e4 d5 2. exd5 Qxd5 3. Nc3 Qd6 4. d4 a6 5. g3 Nf6 6. Bf4 Qd8 7. Bg2 h6 8.
Nge2 Nbd7 9. Qd2 g5 10. Be3 Ng4 11. O-O-O Nb6 12. Qd3 Nxe3 13. fxe3 Bg7 14. Bf3
h5 15. h3 Qd6 16. a3 Rb8 17. e4 Qh6 18. Kb1 Qg6 19. h4 Bg4 20. Bxg4 hxg4 21.
hxg5 Rxh1 22. Rxh1 Qxg5 23. Nf4 Rd8 24. Rh5 Qf6 25. e5 Qc6 26. Qh7 Bf8 27. d5
Nxd5 28. Nfxd5 e6 29. Nf6+ Ke7 30. Rh1 b5 31. Rf1 Qc4 32. Nfd5+ 1-0

[Event "Stadtmeisterschaft Ulm/Neu-Ulm 2009"]
[Site "Ulm"]
[Date "2009.10.16"]
[Round "3"]
[White "Mayer, Arnd"]
[Black "Fuchs, Martin"]
[Result "1/2-1/2"]
[ECO "D02"]
[WhiteElo "1948"]
[BlackElo "1753"]
[Annotator ",Fred"]
[PlyCount "101"]
[EventDate "2009.??.??"]
[TimeControl "40/5400+30:0"]

1. d4 d5 2. Nf3 Nf6 3. Bf4 e6 4. e3 Bd6 5. Ne5 O-O 6. Nd2 c5 7. c3 Nc6 8. Bd3
Bxe5 9. dxe5 Nd7 10. Nf3 f6 11. exf6 Qxf6 12. Bg5 Qf7 13. Bh4 h6 14. O-O Nde5
15. Be2 Nxf3+ 16. Bxf3 Ne5 17. Be2 Bd7 18. Bg3 Qf6 19. e4 Bc6 20. f4 Nd7 21. e5
Qf7 22. Bd3 g6 23. Qg4 Kh7 24. h4 c4 25. Bc2 Nc5 26. h5 Ne4 27. Bxe4 dxe4 28.
hxg6+ Qxg6 29. Qxg6+ Kxg6 30. Bh4 Rf7 31. Rad1 Bd5 32. Bf6 Kf5 33. Rde1 Rg8 34.
Re3 Rg4 35. g3 h5 36. Kf2 Rg8 37. Rh1 Rh7 38. Rh4 Rg4 39. Rh3 Rg6 40. Re2 Kg4
41. Rh4+ Kf5 42. Re1 Rg4 43. Rh3 Rg8 44. Ke3 h4 45. Bxh4 Kg4 46. Rh2 Rgh8 47.
Rf2 Rf8 48. Ref1 Rf5 49. Kd4 Rd7 50. Kc5 Rc7+ 51. Kd4 1/2-1/2

[Event "Stadtmeisterschaft Ulm/Neu-Ulm 2009"]
[Site "Ulm"]
[Date "2009.10.16"]
[Round "3"]
[White "Unseld, Rolf"]
[Black "Schulze, Andreas"]
[Result "0-1"]
[ECO "B04"]
[WhiteElo "1740"]
[BlackElo "2181"]
[Annotator ",Fred"]
[PlyCount "50"]
[EventDate "2009.??.??"]
[TimeControl "40/5400+30:0"]

1. e4 Nf6 2. e5 Nd5 3. d4 d6 4. Nf3 dxe5 5. Nxe5 c6 6. Nc3 Nxc3 7. Qf3 Be6 8.
Qxc3 Nd7 9. Nxd7 Qxd7 10. Bc4 Bd5 11. Bxd5 Qxd5 12. O-O O-O-O 13. Be3 e6 14.
Qd3 Bd6 15. c4 Qh5 16. g3 Kb8 17. Qc3 Qh3 18. b4 h5 19. f4 h4 20. g4 Qxg4+ 21.
Kh1 g5 22. Rf2 gxf4 23. Rg1 Qf5 24. Bxf4 Bxf4 25. Qf3 Rxd4 0-1

[Event "Stadtmeisterschaft Ulm/Neu-Ulm 2009"]
[Site "Ulm"]
[Date "2009.10.23"]
[Round "3"]
[White "Krassowizkij, Jaroslaw"]
[Black "Kühn, Bernd"]
[Result "1-0"]
[ECO "B08"]
[WhiteElo "2110"]
[BlackElo "1702"]
[Annotator ",Fred"]
[PlyCount "57"]
[EventDate "2009.??.??"]
[TimeControl "40/5400+30:0"]

1. e4 d6 2. d4 Nf6 3. Nc3 g6 4. Nf3 Bg7 5. h3 O-O 6. Be3 a6 7. a4 b6 8. Be2 Bb7
9. Nd2 Nc6 10. d5 Na7 11. O-O c5 12. dxc6 Nxc6 13. Nc4 Nd7 14. Ra3 Nc5 15. Nd5
b5 16. Ncb6 e6 17. Nxa8 exd5 18. axb5 axb5 19. exd5 Bxa8 20. dxc6 Bxc6 21. c3
Na4 22. Qc2 Re8 23. c4 Nxb2 24. cxb5 Be4 25. Qb3 Qf6 26. Bc4 d5 27. Bxd5 Bxd5
28. Qxd5 Re5 29. Ra8+ 1-0

[Event "Stadtmeisterschaft Ulm/Neu-Ulm 2009"]
[Site "Ulm"]
[Date "2009.10.16"]
[Round "3"]
[White "Schmidt, Waldemar"]
[Black "Gebhardt, Uwe"]
[Result "0-1"]
[ECO "A40"]
[WhiteElo "1689"]
[BlackElo "1941"]
[Annotator ",Fred"]
[PlyCount "52"]
[EventDate "2009.??.??"]
[TimeControl "40/5400+30:0"]

1. d4 g6 2. Nf3 Bg7 3. Bg5 c5 4. e3 Qb6 5. b3 Nc6 6. c3 d6 7. Bd3 f6 8. Bh4 Nh6
9. Bg3 O-O 10. O-O Nf5 11. Nbd2 Nxg3 12. fxg3 cxd4 13. cxd4 d5 14. Nh4 f5 15.
Qe2 e5 16. dxe5 Nxe5 17. Rac1 Ng4 18. Rce1 Nxe3 19. Rf2 Ng4 20. Nhf3 Bd7 21.
Ref1 Rae8 22. Qd1 Bh6 23. h3 Nxf2 24. Rxf2 Be3 25. Qf1 f4 26. g4 Rc8 0-1

[Event "Stadtmeisterschaft Ulm/Neu-Ulm 2009"]
[Site "Ulm"]
[Date "2009.10.16"]
[Round "3"]
[White "Hartmann, Thomas"]
[Black "Deißler, Helmut"]
[Result "1/2-1/2"]
[ECO "A31"]
[WhiteElo "1871"]
[BlackElo "1799"]
[Annotator ",Fred"]
[PlyCount "63"]
[EventDate "2009.??.??"]
[TimeControl "40/5400+30:0"]

1. d4 Nf6 2. c4 c5 3. Nf3 cxd4 4. Nxd4 e5 5. Nc2 d5 6. e3 Be6 7. cxd5 Qxd5 8.
Qxd5 Nxd5 9. Bc4 Nd7 10. Bd2 Rc8 11. Nba3 a6 12. Rc1 b5 13. Be2 Nb4 14. O-O
Nxa2 15. Ra1 b4 16. Bxa6 Rc6 17. Bb5 Rc7 18. Rxa2 Bxa2 19. Nxb4 Be6 20. Na6 Rb7
21. Rc1 f6 22. b4 Be7 23. Rc8+ Bd8 24. Nc5 Rb6 25. Nxe6 Rxe6 26. Nc4 Ke7 27.
Kf1 Rf8 28. Bc6 Nb6 29. Nxb6 Bxb6 30. Rxf8 Kxf8 31. b5 Ke7 32. Bd5 1/2-1/2